 Dungeon Crawl Stone Soup version 0.19.1-1-g22dce08 (webtiles) character file.

174 Gurkenglas the Magician (level 5, -1/29 HPs)
             Began as a Deep Elf Wizard on Jan 3, 2017.
             Shot with an arrow by a centaur (14 damage)
             ... on level 3 of the Dungeon.
             The game lasted 00:11:41 (2425 turns).

Gurkenglas the Magician (Deep Elf Wizard)           Turns: 2425, Time: 00:11:42

Health: -1/29      AC:  2    Str:  4    XL:     5   Next: 28%
Magic:  3/15       EV: 13    Int: 24    God:
Gold:   147        SH:  0    Dex: 13    Spells: 5 memorised, 5 levels left

rFire  . . .     SeeInvis .     r - +0 dagger
rCold  . . .     Gourm    .     a - +0 robe
rNeg   . . .     Faith    .     (no shield)
rPois  .         Spirit   .     b - +0 hat
rElec  .         Reflect  .     (no cloak)
rCorr  .         Harm     .     (no gloves)
MR     .....                    (no boots)
Stlth  +++.......               (no amulet)
                                (no ring)
                                s - ring of stealth

@: very slightly contaminated
A: no striking features
a: no special abilities


You were on level 3 of the Dungeon.
You were not hungry.

You visited 1 branch of the dungeon, and saw 5 of its levels.

You collected 147 gold pieces.

Inventory:

Hand Weapons
 r - a +0 dagger (weapon)
Missiles
 g - 69 arrows
 i - 97 stones (quivered)
Armour
 a - a +0 robe (worn)
 b - a +0 hat (worn)
Jewellery
 s - a ring of stealth (left hand)
Scrolls
 e - a scroll of recharging {unknown}
 f - 2 scrolls of teleportation {unknown}
 j - a scroll of immolation {unknown}
 n - 3 scrolls of remove curse {unknown}
Potions
 k - 2 potions of ambrosia {unknown}
 l - 2 potions of berserk rage {unknown}
 o - a potion of haste {unknown}
 p - a potion of lignification {unknown}
 q - a potion of curing
Books
 c - a book of Minor Magic

   Spells                             Type                      Level
   a - Magic Dart                     Conjuration                  1
   b - Blink                          Translocation                2
   c - Call Imp                       Summoning                    2
   d - Repel Missiles                 Charms/Air                   2
   e - Slow                           Hexes                        2
   f - Conjure Flame                  Conjuration/Fire             3
   g - Mephitic Cloud                 Conjuration/Poison/Air       3
Comestibles
 d - 2 bread rations
 h - 2 meat rations
 m - 2 beef jerkies


   Skills:
 * Level 1.1 Fighting
 + Level 3.1 Dodging
 + Level 2.7 Stealth
 + Level 6.4 Spellcasting
 + Level 2.8 Conjurations
 + Level 0.8 Charms
   Level 1.1 Summonings
 + Level 1.1 Translocations
 + Level 0.2 Air Magic


You had 5 spell levels left.
You knew the following spells:

 Your Spells              Type           Power        Failure   Level  Hunger
a - Magic Dart            Conj           ###.         2%          1    None
b - Repel Missiles        Chrm/Air       ##....       12%         2    None
c - Blink                 Tloc           N/A          10%         2    None
d - Conjure Flame         Conj/Fire      ##......     14%         3    None
e - Mephitic Cloud        Conj/Pois/Air  ##......     17%         3    None


Dungeon Overview and Level Annotations

Branches:
Dungeon (5/15)
 Temple: D:4-7

Altars:
Okawaru
Ru
Xom

Annotations:
D:3 Grinder
D:5 Eustachio


Message History

Confirm with . or Enter, or press ? or * to list all spells.
You blink.
The centaur shoots an arrow.
The arrow hits you.
Found a stone staircase leading down.
Casting: Blink
Confirm with . or Enter, or press ? or * to list all spells.
Aiming: Mephitic Cloud
Press: ? - help, Shift-Dir - straight line, f - centaur
Aim: a centaur, wielding a shortbow of velocity You miscast Mephitic Cloud.
You are very lightly contaminated with residual magic.
You feel a strange surge of energy!
The centaur shoots an arrow.
The arrow is repelled.
You feel less protected from missiles.
A frilled lizard comes into view.
The frilled lizard hisses angrily.
The centaur shoots an arrow.
The arrow hits you.
Found a bread ration.
You see here an arrow.
The centaur shoots an arrow.
The arrow hits you!
You die...

## %# # . # #.#
##.#. .#...
##....#####.#.#
.......>.......
#.##..@#.#.#
..........l.# #
##.##.#(.(###.#.#
#.###..c.c#.## .
###.##.... ###
..?. .
#...######.#.#
#.5....)(# #
####.##.##


You could see a centaur and a frilled lizard.

Vanquished Creatures
  A hound (D:5)
  An orc wizard (D:2)
  3 gnolls (D:3)
  4 adders (D:2)
  A dart slug (D:2)
  2 leopard geckos
  3 giant cockroaches
  6 goblins
  2 hobgoblins
  4 quokkas
  2 ball pythons
  7 bats
  5 frilled lizards
  6 kobolds
  5 rats
52 creatures vanquished.

Notes
Turn   | Place    | Note
-------+----------+-------------------------------------------
     0 | D:1      | Gurkenglas the Deep Elf Wizard began the quest for the Orb.
     0 | D:1      | Reached XP level 1. HP: 10/10 MP: 7/7
   339 | D:1      | Reached XP level 2. HP: 15/15 MP: 5/9
   343 | D:1      | Learned a level 2 spell: Repel Missiles
   346 | D:1      | Learned a level 2 spell: Blink
   430 | D:1      | Reached skill level 5 in Spellcasting
   860 | D:2      | Reached XP level 3. HP: 19/19 MP: 2/12
   865 | D:2      | Learned a level 3 spell: Conjure Flame
   869 | D:2      | Learned a level 3 spell: Mephitic Cloud
  1707 | D:2      | Reached skill level 6 in Spellcasting
  1707 | D:2      | Reached XP level 4. HP: 24/24 MP: 10/14
  1744 | D:2      | Found a sacrificial altar of Ru.
  1898 | D:2      | You fall through a shaft for 2 floors!
  1907 | D:5      | Entered Level 5 of the Dungeon
  1912 | D:5      | Reached XP level 5. HP: 28/28 MP: 3/15
  1918 | D:5      | Found an iron altar of Okawaru.
  1942 | D:5      | Noticed Eustachio
  2036 | D:4      | Found a shimmering altar of Xom.
  2036 | D:4      | Found a shimmering altar of Xom.
  2036 | D:4      | Found a shimmering altar of Xom.
  2036 | D:4      | Found a shimmering altar of Xom.
  2036 | D:4      | Found a shimmering altar of Xom.
  2037 | D:4      | Found a shimmering altar of Xom.
  2123 | D:3      | Reached skill level 1 in Fighting
  2420 | D:3      | Noticed Grinder
  2421 | D:3      | Noticed a centaur
  2425 | D:3      | Shot with an arrow by a centaur

Skill      XL: |  1  2  3  4  5 |
---------------+----------------+-----
Spellcasting   | 5 6 |  6.4
Conjurations   | 2 |  2.8
Dodging        | 3 |  3.1
Fighting       | 1 |  1.1
Stealth        | |  2.7
Charms         | |  0.8
Summonings     | |  1.1
Translocations | |  1.1
Air Magic      | |  0.2

Action                   |  1- 3 |  4- 6 || total
-------------------------+-------+-------++-------
Melee: Unarmed           |     7 |       ||     7
 Cast: Magic Dart        |    88 |    52 ||   140
       Repel Missiles    |     2 |       ||     2
       Blink             |     1 |     2 ||     3
       Mephitic Cloud    |       |     5 ||     5
       Conjure Flame     |       |     1 ||     1
  Use: Potion            |     2 |       ||     2
  Eat: Chunk             |     2 |     2 ||     4
Armor: Robe              |     2 |     5 ||     7
Dodge: Dodged            |    16 |    13 ||    29
       Deflected         |     1 |     1 ||     2
